 Dungeon Crawl Stone Soup version 0.28.0-45-g0d030f2227 (webtiles) character file.

Game seed: 8938179618662067008

731346 Mefist the Sorcerer (level 27, -8/129 HPs)
             Began as a Deep Elf Ice Elementalist on May 27, 2022.
             Was a High Priest of Sif Muna.
             Killed from afar by a demonspawn blood saint (16 damage)
             ... with an iceblast
             ... on level 16 of a ziggurat on May 31, 2022.
             The game lasted 12:54:09 (142296 turns).

Mefist the Sorcerer (Deep Elf Ice Elementalist)   Turns: 142296, Time: 12:54:09

Health: -8/129     AC: 20    Str: 16    XL:     27
Magic:  0/52       EV: 29    Int: 45    God:    Sif Muna [*****.]
Gold:   3657       SH: 23    Dex: 25    Spells: 0/73 levels left

rFire   + . .      SeeInvis +   w - staff of cold
rCold   + + .      Faith    .   L - +5 kite shield {reflect}
rNeg    + . .      Spirit   +   f - +2 robe {Will+}
rPois   .          Reflect  +   Z - +5 helmet of the King of the Hill {Str+6}
rElec   +          Harm     .   M - +4 dragonskin cloak
rCorr   .          Rampage  .   k - +1 pair of gloves
Will    +++..      Clarity  +   y - +0 pair of boots of Prudence {Dex+7 Stlth+}
Stlth   ++++++....              D - amulet "Verokul" {Spirit rC+ Dex+3}
HPRegen 0.31/turn               P - ring "Icoer" {+Blink rN+ Str+3 Int+4 SInv}
MPRegen 0.33/turn               u - +6 ring of intelligence

@: in a vortex, channelling, flying (expiring), very slightly contaminated,
studying 2 skills
A: iridescent scales 1, clarity, fire resistance 1, electricity resistance,
strong 1, MP-powered wands
}: 4/15 runes: decaying, serpentine, slimy, silver
a: Renounce Religion, Evoke Blink, Channel Magic, Forget Spell, Divine Exegesis


You were on level 16 of a ziggurat.
You worshipped Sif Muna.
Sif Muna was extremely pleased with you.
You visited 15 branches of the dungeon, and saw 63 of its levels.
You visited the Abyss 1 time.
You visited 1 ziggurat, and saw 16 of its levels.
You also visited: Trove, Gauntlet, Ice Cave and Wizlab.

You collected 13326 gold pieces.
You spent 9669 gold pieces at shops.

Inventory:

Armour
 f - a +2 robe of willpower (worn)
 k - a +1 pair of gloves (worn)
 y - the +0 pair of boots of Prudence (worn) {Dex+7 Stlth+}
   (You found it on level 3 of the Elven Halls)

   Dex:       It affects your dexterity (+7).
   Stlth:     It makes you more stealthy.
 G - the +3 crown of Dyrovepreva {rElec Int+2 SInv}
   (You bought it in a shop on level 5 of the Vaults)

   Int:       It affects your intelligence (+2).
   rElec:     It insulates you from electricity.
   SInv:      It lets you see invisible.
 L - a +5 kite shield of reflection (worn)
 M - the +4 dragonskin cloak (worn)
   (You took it off Tiamat on level 2 of the Realm of Zot)

   It grants the wearer a chance to resist fire, cold, poison, electricity,
   acid, and negative energy.
 Z - the +5 helmet of the King of the Hill (worn) {Str+6}
   (You found it on level 8 of a ziggurat)

   Str:       It affects your strength (+6).
Magical Staves
 a - a staff of death
 b - a staff of earth
 w - a staff of cold (weapon)
Jewellery
 i - the ring "Umokh" {Fly rN+ Will+++ Int+3}
   (You found it on level 3 of the Crypt)

   [ring of flight]

   Int:       It affects your intelligence (+3).
   rN:        It protects you from negative energy.
   Fly:       It grants you flight.
   Will:      It greatly increases your willpower.
 j - a ring of protection from fire
 p - a ring of see invisible
 u - a +6 ring of intelligence (right hand)
 C - the ring of the Aged Glowing Yaks {rF+ rN++}
   (You found it on level 5 of the Pits of Slime)

   [ring of protection from fire]

   rF:        It protects you from fire.
   rN:        It greatly protects you from negative energy.
 D - the amulet "Verokul" (around neck) {Spirit rC+ Dex+3}
   (You found it on level 2 of the Elven Halls)

   [amulet of guardian spirit]

   It causes incoming damage to be divided between your reserves of health and
   magic.
   Dex:       It affects your dexterity (+3).
   rC:        It protects you from cold.
 P - the ring "Icoer" (left hand) {+Blink rN+ Str+3 Int+4 SInv}
   (You bought it in a shop on level 2 of the Orcish Mines)

   [ring of positive energy]

   Str:       It affects your strength (+3).
   Int:       It affects your intelligence (+4).
   rN:        It protects you from negative energy.
   SInv:      It lets you see invisible.
   +Blink:    It lets you blink.
 V - a ring of ice
 X - the ring of Attitude {rC+ rN+}
   (You found it on level 7 of a ziggurat)

   [ring of protection from cold]

   rC:        It protects you from cold.
   rN:        It protects you from negative energy.
Wands
 d - a wand of acid (10)
 o - a wand of mindburst (22)
 F - a wand of paralysis (19)
 H - a wand of charming (18)
 J - a wand of digging (15)
 R - a wand of iceblast (26)
Scrolls
 h - a scroll of holy word
 n - 7 scrolls of magic mapping
 q - 33 scrolls of teleportation
 v - a scroll of fear
 z - 8 scrolls of torment
 K - 13 scrolls of fog
 N - a scroll of vulnerability
 Q - 7 scrolls of immolation
 S - a scroll of enchant armour
 U - 6 scrolls of blinking
Potions
 c - 10 potions of ambrosia
 e - 10 potions of brilliance
 l - 12 potions of mutation
 m - 11 potions of heal wounds
 r - 5 potions of cancellation
 s - 29 potions of curing
 t - 4 potions of magic
 x - 2 potions of resistance
 E - 10 potions of haste
Miscellaneous
 g - a tin of tremorstones (2/2)
 A - a piece from Xom's chessboard (15/15)
 B - a condenser vane
 I - a phantom mirror
 O - a lightning rod (4/4)
 W - a phial of floods
 Y - a box of beasts


   Skills:
 - Level 2.1 Fighting
 - Level 18.4 Dodging
 - Level 10.0 Stealth
 * Level 21.7 Shields
 - Level 23.7 Spellcasting
 - Level 14.8 Conjurations
 - Level 12.1 Summonings
 - Level 21.8 Necromancy
 - Level 6.1 Translocations
 - Level 20.4 Transmutations
 * Level 23.7 Ice Magic
 - Level 21.2 Earth Magic
 - Level 13.4 Invocations
 - Level 13.0 Evocations


You couldn't memorise any spells.
You knew the following spells:

 Your Spells              Type           Power      Damage    Failure   Level
a - Lehudib's Crystal Sp  Conj/Erth      60%        10d14     1%          8
c - Ozocubu's Armour      Ice            100%       N/A       0%          3
m - Infestation           Necr           64%        N/A       1%          8
n - Haunt                 Necr/Summ      58%        N/A       1%          7
q - Freezing Cloud        Conj/Ice/Air   65%        6-21      1%          5
s - Polar Vortex          Ice            79%        N/A       2%          9
v - Passage of Golubria   Tloc           83%        N/A       1%          4
w - Borgnjor's Vile Clut  Necr/Erth      64%        N/A       0%          5
x - Statue Form           Tmut/Erth      84%        N/A       0%          6
A - Irradiate             Conj/Tmut      59%        3d33      0%          5
C - Blink                 Tloc           100%       N/A       1%          2
X - Necromutation         Tmut/Necr      63%        N/A       1%          8
Z - Swiftness             Air            52%        N/A       1%          3

Your spell library contained the following spells:

 Spells                   Type           Power      Damage    Failure   Level
 Animate Skeleton         Necr           100%       N/A       0%          1
 Beastly Appendage        Tmut           100%       N/A       0%          1
 Freeze                   Ice            100%       1d11      0%          1
 Magic Dart               Conj           100%       1d8       0%          1
 Pain                     Necr           100%       1d9       0%          1
 Sandblast                Erth           100%       2d20      0%          1
 Sting                    Tmut/Pois      100%       1d8       0%          1
 Summon Small Mammal      Summ           100%       N/A       0%          1
 Call Imp                 Summ           100%       N/A       0%          2
 Corpse Rot               Necr/Air       100%       N/A       0%          2
 Ensorcelled Hibernation  Hex/Ice        100%       N/A       0%          2
 Passwall                 Tmut/Erth      100%       N/A       0%          2
 Searing Ray              Conj           100%       2d8       0%          2
 Sublimation of Blood     Necr           100%       N/A       0%          2
 Wereblood                Tmut           100%       N/A       0%          2
 Call Canine Familiar     Summ           100%       N/A       0%          3
 Frozen Ramparts          Ice            100%       1d12      0%          3
 Stone Arrow              Conj/Erth      100%       3d13      0%          3
 Vampiric Draining        Necr           100%       2d13      0%          3
 Animate Armour           Summ/Erth      100%       N/A       0%          4
 Animate Dead             Necr           64%        N/A       0%          4
 Dispel Undead            Necr           100%       3d31      0%          4
 Hailstorm                Conj/Ice       100%       3d20      0%          4
 Ice Form                 Ice/Tmut       100%       N/A       0%          4
 Petrify                  Tmut/Erth      100%       N/A       0%          4
 Summon Ice Beast         Ice/Summ       100%       N/A       0%          4
 Agony                    Necr           100%       N/A       0%          5
 Blade Hands              Tmut           63%        N/A       0%          5
 Excruciating Wounds      Necr           64%        N/A       0%          5
 Lee's Rapid Deconstruct  Erth           64%        3d30*     0%          5
 Death Channel            Necr           64%        N/A       0%          6
 Simulacrum               Ice/Necr       78%        N/A       0%          6
 Apportation              Tloc           100%       N/A       1%          1
 Foxfire                  Conj/Fire      100%       2x1d9     1%          1
 Shock                    Conj/Air       100%       1d9       1%          1
 Slow                     Hex            100%       N/A       1%          1
 Poisonous Vapours        Pois/Air       100%       N/A       1%          2
 Static Discharge         Conj/Air       88%        N/A       1%          2
 Confusing Touch          Hex            52%        N/A       1%          3
 Conjure Flame            Conj/Fire      88%        6-21      1%          3
 Dazzling Flash           Conj/Hex       100%       N/A       1%          3
 Gell's Gravitas          Tloc           83%        N/A       1%          3
 Ignite Poison            Fire/Tmut/Pois 85%        N/A       1%          3
 Lesser Beckoning         Tloc           83%        N/A       1%          3
 Mephitic Cloud           Conj/Pois/Air  78%        N/A       1%          3
 Portal Projectile        Hex/Tloc       100%       N/A       1%          3
 Spider Form              Tmut/Pois      98%        N/A       1%          3
 Summon Guardian Golem    Hex/Summ       82%        N/A       1%          3
 Teleport Other           Tloc           83%        N/A       1%          3
 Tukima's Dance           Hex            52%        N/A       1%          3
 Anguish                  Hex/Necr       50%        N/A       1%          4
 Flame Wave               Conj/Fire      88%        2d15      1%          4
 Fulminant Prism          Conj/Hex       44%        3d20      1%          4
 Iskenderun's Mystic Bla  Conj/Tloc      99%        2d19      1%          4
 Leda's Liquefaction      Hex/Erth       49%        N/A       1%          4
 Sticky Flame             Conj/Fire      88%        2d10      1%          4
 Summon Lightning Spire   Summ/Air       82%        N/A       1%          4
 Alistair's Intoxication  Tmut/Pois      65%        N/A       1%          5
 Fireball                 Conj/Fire      44%        3d18      1%          5
 Iskenderun's Battlesphe  Conj           100%       2d15      1%          5
 Lightning Bolt           Conj/Air       44%        1d63      1%          5
 Manifold Assault         Tloc           83%        N/A       1%          5
 Metabolic Englaciation   Hex/Ice        63%        N/A       1%          5
 Summon Forest            Summ/Tloc      47%        N/A       1%          5
 Summon Mana Viper        Hex/Summ       82%        N/A       1%          5
 Yara's Violent Unravell  Hex/Tmut       49%        3d19      1%          5
 Eringya's Noxious Bog    Tmut/Pois      49%        N/A       1%          6
 Iron Shot                Conj/Erth      60%        9d11      1%          6
 Summon Cactus Giant      Summ           52%        N/A       1%          6
 Dragon Form              Tmut           63%        N/A       1%          7
 Orb of Destruction       Conj           56%        9d14      1%          7
 Ozocubu's Refrigeration  Ice            79%        4d20      1%          7
 Spellforged Servitor     Conj/Summ      54%        N/A       1%          7
 Borgnjor's Revivificati  Necr           64%        N/A       1%          8
 Conjure Ball Lightning   Conj/Air       44%        3x3d15    2%          6
 Starburst                Conj/Fire      44%        6d12      2%          6
 Monstrous Menagerie      Summ           52%        N/A       2%          7
 Summon Hydra             Summ           52%        N/A       2%          7
 Airstrike                Air            26%        N/A       3%          4
 Cause Fear               Hex            26%        N/A       3%          4
 Olgreb's Toxic Radiance  Pois           52%        N/A       3%          4
 Storm Form               Tmut/Air       49%        N/A       4%          7
 Death's Door             Necr           64%        N/A       5%          9
 Shatter                  Erth           64%        3d47*     6%          9
 Malign Gateway           Summ/Tloc      47%        N/A       8%          7
 Silence                  Hex/Air        26%        N/A       11%         5
 Summon Horrible Things   Summ           52%        N/A       19%         8
 Dragon's Call            Summ           52%        N/A       95%         9
 Enfeeble                 Hex            26%        N/A       97%         7
 Ignition                 Fire           26%        3d9       100%        8
 Chain Lightning          Conj/Air       44%        3d58      100%        9
 Fire Storm               Conj/Fire      44%        8d11      100%        9


Dungeon Overview and Level Annotations

Branches:
Dungeon (15/15)            Temple (1/1) D:6            Lair (6/6) D:10
  Swamp (4/4) Lair:4        Snake (4/4) Lair:2        Slime (5/5) Lair:5
    Orc (2/2) D:11            Elf (3/3) Orc:2        Vaults (5/5) D:13
  Crypt (3/3) Vaults:2       Tomb (1/3) Crypt:3      Depths (4/4) D:15
   Hell (visited)             Dis (0/7) Hell            Geh (0/7) Hell
    Coc (4/7) Hell            Tar (0/7) Hell            Zot (5/5) Depths:4
  IceCv (visited)          WizLab (visited)         Gauntlet (visited)

Altars:
Ashenzari
Cheibriados
Dithmenos
Elyvilon
Fedhas
Gozag
Hepliaklqana
Kikubaaqudgha
Makhleb
Nemelex Xobeh
Okawaru
Qazlal
Ru
Sif Muna
Trog
Uskayaw
Vehumet
Wu Jian
Xom
Yredelemnul
Zin
The Shining One
Beogh
Jiyva

Shops:
Orc:2 =(?(   Elf:1 (   Elf:2 (=(   Snake:2 *[   Vaults:4 (   Vaults:5 !?*=[*=

Portals:
Hell: Depths:1 Depths:2 Depths:3 Depths:4
Abyss: Depths:1 Depths:3
Pandemonium: Depths:1 Depths:2

Annotations:
D:14 exclusion: phantasmal warrior
D:15 Louise
Zig:16 exclusion: 2 obsidian statues


Innate Abilities, Weirdness & Mutations

You are partially covered in iridescent scales. (AC +2)
You possess an exceptional clarity of mind.
Your flesh is heat resistant. (rF+)
You are resistant to electric shocks. (rElec)
Your muscles are strong. (Str +2)
You expend magic power (3 MP) to strengthen your wands.


Message History

You destroy the ancient champion!
The ancient champion disappears in a puff of smoke!
You kill the green death!
Sif Muna accepts your kill.
You kill the lorocyproca!
Sif Muna accepts your kill.
You kill the green death!
Sif Muna accepts your kill.
You destroy the starcursed mass!
The starcursed mass disappears in a puff of smoke!
You destroy the starcursed mass!
The starcursed mass disappears in a puff of smoke!
A starcursed mass splits.
The demonspawn corrupter hits you but does no damage.
The blizzard demon waves its arms in wide circles.
The air twists around and strikes you!
* * * LOW HITPOINT WARNING * * *
You can move again.
You feel yourself come back to life.
You kill the demonspawn blood saint!
Sif Muna accepts your kill.
You kill the cacodemon!
Sif Muna accepts your kill.
You kill the demonspawn corrupter!
Sif Muna accepts your kill.
The starcursed mass disappears in a puff of smoke! x6
The apocalypse crab disappears in a puff of smoke!
The mummy priest disappears in a puff of smoke!
The spectral shadow dragon disappears in a puff of smoke!
The wight disappears in a puff of smoke!
The starcursed mass disappears in a puff of smoke!
You kill the hellion!
Sif Muna accepts your kill.
The demonspawn blood saint conjures a destructive force in the name of Makhleb!
The fireball explodes!
The fireball engulfs you!!
Your icy armour melts away.
You resist.
* * * LOW HITPOINT WARNING * * *
The mass of ice explodes!
The iceblast engulfs you!! You partially resist.
You die...

.......▓▓
...6§....▓▓
....§§§§.§▓▓
....§§§§§§§▓
8.§§§§§§§§§▓
...§§§§§§§§▓
...§§§§§§§§▓▓
...§§§§§@§§§▓
...§§§§§§§§▓▓
...§§§§§§§§▓
8...§§§2§§§▓
...§§§§§§§§▓
...§§§§§§§▓▓
.........▓▓
........▓▓
.......▓▓


You could see a demonspawn blood saint and a blizzard demon.

Vanquished Creatures
  the Royal Jelly (Slime:5)
  12 dread liches
  5 ancient liches
  3 orbs of fire
  Tiamat (Zot:2)
  3 juggernauts (Zig:14)
  5 royal mummies
  10 shard shrikes
  9 Killer Klowns
  Bai Suzhen (Swamp:4)
  3 caustic shrikes
  8 curse toes
  The ghost of azzeron2000 the Gelid, an adept DsIE of Ashenzari (Vaults:4)
  Geryon (Hell)
  13 golden dragons
  A profane servitor (Crypt:3)
  4 bone dragons
  3 electric golems
  A pearl dragon (Zig:9)
  A Tzitzimitl (Zig:8)
  Jorgrun (Swamp:1)
  17 tentacled monstrosities
  Mlioglotl (Swamp:1)
  10 Ice Fiends
  5 pandemonium lords
  6 liches
  25 Orb Guardians (Zot:5)
  10 titans
  5 deep elf master archers
  14 acid blobs
  5 deep elf blademasters
  11 quicksilver dragons
  12 sphinxes
  13 death cobs
  11 ancient champions
  3 Executioners
  9 tengu reavers
  Kirke (D:12)
  4 draconian monks
  18 shadow dragons
  A fire giant (Vaults:5)
  4 nagarajas (Snake:4)
  19 storm dragons
  2 fenstrider witches
  6 revenants
  A daeva (Zig:9)
  8 rockslimes
  16 azure jellies
  13 narguns
  3 orc warlords (Zig:14)
  5 draconian knights
  A caustic shrike zombie (WizLab)
  6 iron dragons
  6 deep elf sorcerers
  Aizul (Snake:4)
  13 vault wardens
  A shard shrike simulacrum (Coc:3)
  12 frost giants
  4 cacodemons (Zig:16)
  7 draconian shifters
  5 draconian scorchers
  3 deep elf elementalists (Elf:3)
  An emperor scorpion (Zig:1)
  3 angels (Zig:9)
  2 balrugs
  A ghost moth (Zot:5)
  4 demonspawn corrupters
  15 stone giants
  2 curse skulls (Crypt:3)
  5 ghouls
  3 draconian stormcallers
  A spriggan defender (Depths:4)
  A stone giant (shapeshifter) (Vaults:5)
  5 draconian annihilators
  24 very ugly things
  14 ironbound preservers
  3 war gargoyles
  A caustic shrike skeleton (Crypt:3)
  18 quicksilver oozes
  3 demonspawn blood saints
  7 ironbound thunderhulks
  8 reapers
  2 bennus (Tomb:1)
  3 apis (Zig:9)
  2 eleionomae (Swamp:3)
  13 green draconians
  2 vampire knights
  10 black draconians
  Nessos (D:15)
  3 ophanim (Zig:9)
  2 lorocyprocas
  7 deep elf demonologists
  12 yellow draconians
  9 wendigos
  2 putrid mouths
  2 bunyips
  9 white draconians
  A minotaur (Gauntlet)
  5 elemental wellsprings
  17 deep elf annihilators
  3 eidola
  12 red draconians
  A spark wasp (shapeshifter) (Vaults:5)
  17 dire elephants
  4 green deaths
  11 purple draconians
  3 ettins
  11 deep elf death magi
  The ghost of mcbry74 the Grappler, a journeyman TrGl of Okawaru (Lair:3)
  4 blizzard demons
  9 mummy priests
  14 jiangshi
  10 fire dragons
  A hell beast (Depths:2)
  18 great orbs of eyes
  13 yaktaur captains
  10 deep elf high priests
  3 boulder beetles
  32 vault guards
  4 spriggan air magi
  6 rakshasas
  2 spriggan zombies
  Erolcha (D:13)
  4 caustic shrike simulacra
  2 salamander tyrants
  5 ogre magi
  12 ice dragons
  14 naga warriors
  15 hydras
  A peacekeeper (Vaults:3)
  12 ironbound frosthearts
  18 centaur warriors
  4 anacondas
  Erica (D:8)
  A ghost crab (Swamp:2)
  3 death knights
  A juggernaut simulacrum (Coc:1)
  3 two-headed ogres
  A death yak (shapeshifter) (Depths:4)
  9 alligators
  The ghost of EtherCrawl the Covert, a journeyman KoVM of Ashenzari (D:10)
  2 deep troll shamans (Depths:2)
  A death yak (Lair:6)
  7 hell hogs
  2 tengu warriors
  The ghost of Discosetron the Thaumaturge, a novice DjEE of Makhleb (D:9)
  7 orc high priests
  12 vampire magi
  4 spriggan berserkers
  A thrashing horror (Abyss:2)
  2 deep troll earth magi (Depths:2)
  29 dancing weapons
  4 shock serpents
  102 slime creatures
  3 sun demons
  Nergalle (Orc:2)
  18 naga sharpshooters
  A titan zombie (WizLab)
  The ghost of hurston the Fighter, a novice GrFi of Gozag (D:9)
  4 iron trolls
  18 deep elf knights
  A wretched star (Abyss:2)
  Sonja (Lair:1)
  13 hell knights
  6 soul eaters
  26 skeletal warriors
  35 deep trolls
  7 flayed ghosts
  8 goliath frogs
  A deep troll (shapeshifter) (Elf:2)
  2 shadow demons (Hell)
  A quicksilver dragon simulacrum (Coc:2)
  2 salamander mystics
  An obsidian statue (Zot:5)
  4 shadow wraiths
  A steelbarb worm (shapeshifter) (Zig:15)
  5 swamp dragons
  6 naga ritualists
  3 glowing orange brains
  11 wizards
  4 bog bodies
  A bunyip skeleton (Hell)
  14 deep elf archers
  2 tengu zombies
  15 phantasmal warriors
  A wolf spider (D:10)
  6 spriggan simulacra
  A mana viper (shapeshifter) (Vaults:5)
  The ghost of MisterFreud the Covert, a novice GnDe of Yredelemnul (D:6)
  An oklob plant (Gauntlet)
  35 deep elf pyromancers
  11 necromancers
  A golden dragon skeleton (Crypt:1)
  A harpy (shapeshifter) (Vaults:5)
  4 lindwurms
  10 orc sorcerers
  10 mana vipers
  19 ironbound convokers
  5 shining eyes
  5 large abominations
  A shining eye (shapeshifter) (Zig:6)
  30 deep elf zephyrmancers
  54 ugly things
  A sphinx zombie (Depths:1)
  6 will-o-the-wisps
  5 cyclopes
  4 fire giant zombies
  An iron dragon zombie (Depths:1)
  4 orc knights
  A tengu skeleton (Vaults:4)
  3 manticores
  A fire giant skeleton (Depths:1)
  6 elephants (Lair:6)
  11 apocalypse crabs
  An iron dragon skeleton (Zig:11)
  4 ice statues (Coc:3)
  31 moths of wrath
  3 frost giant zombies
  A worldbinder (Zig:4)
  11 salamanders
  A stone giant skeleton (Crypt:2)
  Joseph (D:9)
  9 molten gargoyles
  4 guardian serpents
  2 eyes of devastation
  5 titan simulacra
  39 black mambas
  9 rust devils (Hell)
  12 smoke demons
  17 vault sentinels
  An eye of devastation (shapeshifter) (Zig:12)
  2 orange demons
  A gargoyle (D:13)
  A torpor snail (shapeshifter) (Zig:10)
  18 cane toads
  16 naga magi
  2 torpor snails (Lair:6)
  3 rime drakes
  Psyche (D:8)
  3 tormentors
  2 efreet
  5 hellions
  10 komodo dragons
  5 unseen horrors (Elf:3)
  An anaconda simulacrum (Coc:3)
  5 ice devils
  41 yaktaurs
  20 guardian mummies
  A minotaur skeleton (Crypt:2)
  A golden dragon simulacrum (Coc:3)
  2 harpy zombies
  2 tengu conjurers
  3 human skeletons (Vaults:4)
  A polar bear (shapeshifter) (D:15)
  An ancient zyme (Abyss:2)
  4 entropy weaver simulacra (IceCv)
  24 freezing wraiths
  2 red devils
  2 spriggan skeletons
  2 hydra zombies
  A wind drake (shapeshifter) (D:12)
  8 tyrant leeches
  A meliai (shapeshifter) (D:13)
  3 polar bears
  5 trolls
  13 hornets
  A queen bee (Lair:3)
  A sphinx simulacrum (Zig:13)
  15 blink frogs
  A tarantella (shapeshifter) (Depths:4)
  A blink frog (shapeshifter) (Zig:15)
  A snapping turtle (shapeshifter) (Zig:15)
  3 raiju (Abyss:2)
  A dream sheep (shapeshifter) (Depths:1)
  2 shadows
  3 stone giant simulacra
  2 air elementals
  12 flying skulls
  A culicivora (shapeshifter) (Zig:12)
  7 wyverns
  A centaur simulacrum (Crypt:3)
  An orc simulacrum (Coc:2)
  12 spriggans
  2 ettin skeletons
  5 dire elephant simulacra
  7 basilisks
  6 water elementals
  4 naga simulacra
  7 wraiths
  77 yaks
  4 fire elementals
  A black mamba skeleton (Crypt:2)
  4 vampires (Crypt:3)
  A golden eye (Slime:5)
  7 hogs (D:12)
  18 humans (D:13)
  An alligator snapping turtle simulacrum (Coc:1)
  11 ushabtiu
  2 fire bats (Lair:2)
  A chaos spawn (Zig:12)
  A redback (D:10)
  3 swamp worm simulacra (Swamp:4)
  2 minotaur simulacra (IceCv)
  9 harpy simulacra
  2 glowing shapeshifter zombies
  A naga (shapeshifter) (Vaults:5)
  27 vampire mosquitoes
  17 swamp worms
  5 wargs
  7 acid dragons
  46 nagas
  A cane toad zombie (Crypt:1)
  21 hydra simulacra
  A naga zombie (Crypt:2)
  15 water moccasins
  A floating eye (Slime:3)
  3 hell hounds (Lair:6)
  A naga skeleton (Crypt:2)
  29 orc warriors
  A swamp drake (Lair:4)
  An ice dragon simulacrum (Coc:1)
  4 ice beasts
  5 necrophages
  An alligator simulacrum (IceCv)
  3 ettin simulacra
  A black mamba simulacrum (Coc:1)
  7 boggarts
  A black bear (Lair:2)
  A fire dragon simulacrum (Hell)
  14 wolves
  14 ogres
  8 centaurs
  A hog skeleton (Crypt:3)
  17 bullfrogs
  6 scorpions
  2 earth elementals
  A glowing shapeshifter simulacrum (Zig:13)
  A troll zombie (Crypt:3)
  2 water moccasin skeletons (D:6)
  29 killer bees
  A lindwurm simulacrum (IceCv)
  4 wights (D:6)
  6 howler monkeys
  A wolf zombie (Crypt:2)
  5 electric eels
  6 lava snakes
  4 centaur zombies
  4 hounds
  A jelly (D:6)
  14 orc priests
  2 gnoll shamans
  2 centaur skeletons
  31 orc wizards
  8 iguanas
  3 killer bee zombies
  18 mummies
  2 hound skeletons
  2 howler monkey zombies
  8 adders
  14 gnolls
  A shadow imp (D:6)
  A white imp (D:6)
  5 swamp drake simulacra (Swamp:4)
  3 ufetubi
  A lava snake zombie (Crypt:2)
  An adder skeleton (D:4)
  3 worms
  A dart slug (D:3)
  75 orcs
  8 bats
  An endoplasm (D:3)
  A giant cockroach (shapeshifter) (D:15)
  9 giant cockroaches
  A gnoll zombie (Crypt:3)
  10 goblins
  6 hobgoblins
  3 jackals (D:3)
  5 kobolds
  2 quokkas
  4 ball pythons
  2 frilled lizards
  A kobold skeleton (Crypt:3)
  A rat (D:1)
  A butterfly (Lair:5)
2733 creatures vanquished.

Vanquished Creatures (collateral kills)
  Margery (Crypt:3)
  Saint Roka (Crypt:3)
  2 golden dragons (Zot:2)
  2 tentacled monstrosities
  A lich (Tomb:1)
  A quicksilver dragon (Zot:1)
  A death cob (Depths:4)
  2 acid blobs (Slime:5)
  3 ancient champions (Crypt:3)
  A revenant (Crypt:3)
  2 shadow dragons (Zot:2)
  A storm dragon (Zot:1)
  A nagaraja (Snake:4)
  A rockslime (Slime:5)
  A deep elf sorcerer (Elf:3)
  An iron dragon (Zot:2)
  2 juggernaut zombies
  A curse skull (Crypt:2)
  A very ugly thing (Depths:2)
  2 quicksilver oozes (Slime:5)
  A ghoul (Crypt:1)
  A vampire knight (Crypt:3)
  An elemental wellspring (Coc:1)
  A green draconian (Zot:1)
  A yellow draconian (Zot:5)
  2 mummy priests
  A deep elf death mage (Elf:3)
  4 fire dragons (Zot:2)
  A deep elf high priest (Elf:3)
  2 naga warriors (Snake:4)
  2 ice dragons (Zot:2)
  A salamander tyrant (Snake:4)
  A vampire mage (Crypt:1)
  A naga sharpshooter (Snake:4)
  2 death yaks (Lair:6)
  A storm dragon zombie (WizLab)
  2 deep elf knights (Elf:2)
  A storm dragon skeleton (Crypt:2)
  A spark wasp zombie (WizLab)
  An iron troll (Depths:2)
  13 skeletal warriors
  2 shadow wraiths (Crypt:3)
  2 flayed ghosts (Crypt:3)
  A golden dragon zombie (WizLab)
  A wizard (Vaults:2)
  A deep troll (Depths:2)
  A tengu zombie (WizLab)
  3 necromancers
  A deep elf archer (Elf:3)
  A wolf spider zombie (Crypt:1)
  3 deep elf pyromancers (Elf:1)
  2 ugly things
  3 human zombies
  A salamander (Snake:4)
  A slime creature (Slime:4)
  2 deep elf zephyrmancers
  3 elephants (Lair:6)
  2 moths of wrath
  A centaur zombie (Crypt:1)
  A stone giant skeleton (Crypt:3)
  A titan simulacrum (Crypt:1)
  3 naga magi (Snake:4)
  A centaur skeleton (Crypt:1)
  A cane toad (Lair:6)
  A spriggan zombie (WizLab)
  An unseen horror (Elf:3)
  A bunyip simulacrum (Crypt:1)
  A pale draconian skeleton (Crypt:3)
  2 freezing wraiths (Crypt:3)
  A polar bear (Lair:6)
  An ettin zombie (WizLab)
  A stone giant simulacrum (Vaults:1)
  4 yaks
  A catoblepas simulacrum (Crypt:1)
  A fire elemental (Elf:1)
  2 yaktaur simulacra (Vaults:1)
  A naga zombie (Crypt:1)
  5 nagas (Snake:4)
  2 orc warriors (Crypt:3)
  A boggart (Vaults:2)
  A necrophage (Crypt:1)
  2 wolves (Lair:6)
  An elf zombie (Crypt:3)
  A salamander zombie (Crypt:3)
  A mummy (Tomb:1)
  3 orcs (Crypt:3)
142 creatures vanquished.

Vanquished Creatures (others)
  A tentacled monstrosity (Depths:4)
  The ghost of Iplaz the Bludgeoner, an adept GrGl of Okawaru (Vaults:4)
  A storm dragon (Depths:4)
  A draconian stormcaller (Depths:4)
  A caustic shrike simulacrum (Coc:3)
  A juggernaut simulacrum (Coc:1)
  A two-headed ogre (D:9)
  A deep elf pyromancer (Elf:3)
  A water elemental (Elf:1)
  A dire elephant simulacrum (Coc:1)
  A harpy simulacrum (Coc:1)
  A swamp worm (Swamp:4)
  An ogre (D:6)
  A bullfrog (D:6)
  A scorpion (D:6)
  7 fire vortices
  13 foxfires
  38 fungi
  92 plants
  6 withered plants (Vaults:4)
171 creatures vanquished.

Grand Total: 3046 creatures vanquished

Notes
Turn   | Place    | Note
-------+----------+-------------------------------------------
     0 | D:1      | Mefist the Deep Elf Ice Elementalist began the quest for
                  | the Orb.
     0 | D:1      | Reached XP level 1. HP: 10/10 MP: 6/6
   266 | D:1      | Reached XP level 2. HP: 15/15 MP: 5/8
   267 | D:1      | Reached skill level 1 in Conjurations
  1226 | D:2      | Reached XP level 3. HP: 4/19 MP: 4/9
  1230 | D:2      | Learned a level 3 spell: Frozen Ramparts
  1234 | D:2      | Learned a level 3 spell: Ozocubu's Armour
  1775 | D:2      | Reached XP level 4. HP: 24/24 MP: 8/11
  2494 | D:2      | Reached XP level 5. HP: 28/28 MP: 6/12
  2540 | D:2      | Learned a level 4 spell: Hailstorm
  2885 | D:3      | Reached skill level 5 in Ice Magic
  3388 | D:4      | Found a glowing silver altar of Zin.
  3448 | D:4      | Noticed an ogre
  3454 | D:4      | Reached skill level 1 in Evocations
  3454 | D:4      | Reached XP level 6. HP: 32/32 MP: 11/14
  3586 | D:4      | Reached skill level 5 in Spellcasting
  3593 | D:4      | Reached XP level 7. HP: 36/36 MP: 3/16
  4521 | D:5      | Entered Level 5 of the Dungeon
  4727 | D:5      | Reached skill level 5 in Stealth
  4727 | D:5      | Reached skill level 5 in Conjurations
  4922 | D:5      | Found an ancient bone altar of Kikubaaqudgha.
  5022 | D:5      | Reached XP level 8. HP: 41/41 MP: 10/19
  5098 | D:5      | Noticed a hornet
  5108 | D:5      | Killed a hornet
  5588 | D:5      | Reached skill level 5 in Dodging
  6054 | D:5      | Found a sparkling altar of Nemelex Xobeh.
  6177 | D:6      | Found a shimmering altar of Xom.
  6396 | D:6      | Found a staircase to the Ecumenical Temple.
  6431 | Temple   | Entered the Ecumenical Temple
  6530 | Temple   | Became a worshipper of Sif Muna the Loreminder
  6787 | D:6      | Reached XP level 9. HP: 42/45 MP: 10/23
  6892 | D:6      | Found a runed translucent door.
  7098 | D:6      | Identified the +4 quarterstaff of Conservatism {holy, rElec
                  | rCorr}
  7503 | D:6      | Identified the +6 morningstar "Siarrid" {flame, Int+2
                  | Dex+3}
  7593 | D:6      | Found a burning altar of Makhleb.
  7614 | D:6      | Noticed MisterFreud's ghost (novice GnDe)
  7805 | D:7      | Identified the +0 ring mail of Starshine {rC- rN+ rCorr}
  8145 | D:7      | Found a broken altar of Ashenzari.
  8951 | D:8      | Found an ornate altar of the Wu Jian Council.
  9115 | D:8      | Reached skill level 5 in Evocations
  9154 | D:8      | Noticed Erica
  9167 | D:8      | Killed Erica
  9168 | D:8      | Reached skill level 10 in Spellcasting
  9168 | D:8      | Reached XP level 10. HP: 50/50 MP: 22/26
  9195 | D:8      | Found Xapsaok's Magic Scroll Shop.
  9200 | D:8      | Bought a scroll of identify for 28 gold pieces
  9200 | D:8      | Bought a scroll of identify for 28 gold pieces
  9200 | D:8      | Bought a scroll of blinking for 105 gold pieces
  9200 | D:8      | Bought a scroll of amnesia for 49 gold pieces
  9200 | D:8      | Bought a scroll of fog for 28 gold pieces
  9200 | D:8      | Bought a scroll of torment for 105 gold pieces
  9200 | D:8      | Bought a scroll of noise for 14 gold pieces
  9305 | D:8      | Reached * piety under Sif Muna
  9444 | D:8      | Found a hide-covered altar of Uskayaw.
  9444 | D:8      | Noticed Psyche
  9455 | D:8      | Killed Psyche
  9810 | D:8      | Identified the +10 mace of Pynuis {flame, Dex+6 SInv}
 10382 | D:9      | Found an iron altar of Okawaru.
 10396 | D:9      | Noticed Joseph
 10715 | D:9      | Found a runed translucent gate.
 10716 | D:9      | Found a runed translucent gate.
 10717 | D:9      | Found a runed translucent gate.
 10740 | D:9      | Noticed a two-headed ogre
 10740 | D:9      | Noticed a two-headed ogre
 10756 | D:9      | Killed a two-headed ogre
 10757 | D:9      | Reached skill level 1 in Necromancy
 10757 | D:9      | Reached skill level 1 in Earth Magic
 10757 | D:9      | Reached skill level 1 in Invocations
 10916 | D:9      | Noticed Discosetron's ghost (novice DjEE)
 10917 | D:9      | Noticed hurston's ghost (novice GrFi)
 11144 | D:9      | Killed Joseph
 11279 | D:10     | Entered Level 10 of the Dungeon
 11491 | D:10     | Reached XP level 11. HP: 31/54 MP: 13/28
 11567 | D:10     | Reached ** piety under Sif Muna
 11725 | D:10     | Found a staircase to the Lair.
 11952 | D:10     | Found a stormy altar of Qazlal.
 12054 | D:10     | Found a radiant altar of Vehumet.
 12081 | D:10     | Noticed EtherCrawl's ghost (journeyman KoVM)
 12095 | D:10     | Found a transporter.
 12098 | D:10     | Noticed a wolf spider
 12113 | D:10     | Found a transporter.
 12260 | D:11     | Noticed a six-headed hydra
 12536 | D:11     | Noticed a two-headed ogre
 12585 | D:11     | Noticed a green ugly thing
 12663 | Lair:1   | Entered Level 1 of the Lair of Beasts
 12678 | Lair:1   | Noticed Sonja
 12689 | Lair:1   | Killed Sonja
 13092 | Lair:1   | Noticed a seven-headed hydra
 13556 | Lair:1   | Noticed a fire dragon
 13573 | Lair:1   | Learned a level 5 spell: Borgnjor's Vile Clutch
 13602 | Lair:1   | Killed a seven-headed hydra
 13852 | Lair:1   | Reached *** piety under Sif Muna
 13871 | Lair:1   | Reached skill level 5 in Necromancy
 14006 | Lair:1   | Noticed a five-headed hydra
 14033 | Lair:1   | Killed a five-headed hydra
 14600 | Lair:2   | Reached skill level 5 in Invocations
 14600 | Lair:2   | Reached XP level 12. HP: 59/59 MP: 23/29
 14753 | Lair:2   | Noticed a six-headed hydra
 14773 | Lair:2   | Reached skill level 5 in Earth Magic
 14923 | Lair:2   | Reached skill level 1 in Transmutations
 15028 | Lair:2   | Noticed a four-headed hydra
 15143 | Lair:2   | Killed a six-headed hydra
 15797 | Lair:2   | Killed a four-headed hydra
 15923 | Lair:2   | Learned a level 4 spell: Iskenderun's Mystic Blast
 15927 | Lair:2   | Learned a level 3 spell: Dazzling Flash
 16044 | Lair:2   | Found a staircase to the Snake Pit.
 16530 | Lair:3   | Noticed an eight-headed hydra
 16540 | Lair:3   | Reached skill level 1 in Translocations
 16760 | Lair:3   | Found a runed translucent door.
 16927 | D:11     | Reached skill level 10 in Conjurations
 17329 | D:11     | Found a staircase to the Orcish Mines.
 17404 | D:11     | Found an iron altar of Okawaru.
 17419 | D:11     | Noticed a two-headed ogre
 17426 | D:11     | Killed a two-headed ogre
 17435 | D:11     | Killed a two-headed ogre
 17446 | D:11     | Killed a six-headed hydra
 17541 | D:11     | Reached XP level 13. HP: 58/63 MP: 7/31
 17547 | D:11     | Learned a level 2 spell: Corpse Rot
 18067 | Orc:1    | Entered Level 1 of the Orcish Mines
 18314 | Orc:1    | Reached **** piety under Sif Muna
 18882 | Orc:1    | Reached skill level 10 in Stealth
 19155 | Orc:2    | Entered Level 2 of the Orcish Mines
 19680 | Orc:2    | Reached ***** piety under Sif Muna
 19680 | Orc:2    | Received a gift from Sif Muna
 20040 | Orc:2    | Found Horuivoa's Antique Weapon Boutique.
 20059 | Orc:2    | Found an ancient bone altar of Kikubaaqudgha.
 20065 | Orc:2    | Noticed Nergalle
 20074 | Orc:2    | Killed Nergalle
 20274 | Orc:2    | Found Riejiy's Magic Scroll Boutique.
 20490 | Orc:2    | Bought a scroll of silence for 82 gold pieces
 20490 | Orc:2    | Bought a scroll of blinking for 82 gold pieces
 20490 | Orc:2    | Bought a scroll of teleportation for 33 gold pieces
 20490 | Orc:2    | Bought a scroll of fog for 22 gold pieces
 20490 | Orc:2    | Bought a scroll of amnesia for 38 gold pieces
 20490 | Orc:2    | Bought a scroll of blinking for 82 gold pieces
 20490 | Orc:2    | Bought a scroll of identify for 22 gold pieces
 20492 | Orc:2    | Found a radiant altar of Vehumet.
 20726 | Orc:2    | Found Pivyi's Jewellery Shop.
 20727 | Orc:2    | Found Yreiv's Antique Weapon Boutique.
 20736 | Orc:2    | Bought a dazzling morningstar for 279 gold pieces
 20736 | Orc:2    | Identified the +11 morningstar of Twilight {freeze, rElec
                  | rPois} (You bought it in a shop on level 2 of the Orcish
                  | Mines)
 20917 | Orc:2    | Found a staircase to the Elven Halls.
 21042 | Orc:2    | Found a radiant altar of Vehumet.
 21822 | Orc:2    | Bought an amulet of regeneration for 420 gold pieces
 21822 | Orc:2    | Bought a ring of protection from fire for 350 gold pieces
 22121 | Lair:1   | Killed a fire dragon
 22286 | Lair:1   | Found the +8 demon blade "Leech" {vamp, Harm Drain rN+}
 22380 | Lair:3   | Learned a level 5 spell: Irradiate
 23330 | Lair:3   | Noticed mcbry74's ghost (journeyman TrGl)
 23331 | Lair:3   | Identified the +9 spear "Vuifa" {freeze, Int+2 Dex+3}
 23352 | Lair:3   | Received a gift from Sif Muna
 23353 | Lair:3   | Got Pynkavit's Catalogue of Black Rites {god gift}
 23361 | Lair:3   | Learned a level 6 spell: Death Channel
 23368 | Lair:3   | Learned a level 4 spell: Animate Dead
 23528 | Lair:3   | Reached skill level 10 in Dodging
 23899 | D:6      | Killed MisterFreud's ghost
 24086 | D:9      | Killed Discosetron's ghost
 24087 | D:9      | Reached skill level 5 in Transmutations
 24088 | D:9      | Killed hurston's ghost
 24332 | D:10     | Killed EtherCrawl's ghost
 24629 | Lair:4   | Identified the +7 quarterstaff of Conscience {elec, Int+3
                  | Dex+5}
 24910 | Lair:4   | Reached XP level 14. HP: 68/68 MP: 28/33
 25006 | Lair:4   | Found a staircase to the Swamp.
 25789 | Lair:5   | Found a viscous altar of Jiyva.
 25790 | Lair:5   | Found a staircase to the Slime Pits.
 25903 | Lair:5   | Identified a scroll of acquirement
 26070 | D:11     | Acquired 1244 gold pieces
 26203 | Orc:2    | Bought the ring "Icoer" {+Blink rN+ Str+3 Int+4 SInv} for
                  | 740 gold pieces
 26596 | Lair:5   | You fall into a shaft and drop 1 floor!
 26596 | Lair:6   | Entered Level 6 of the Lair of Beasts
 26630 | Lair:6   | Found a gate leading to a gauntlet.
 26639 | Gauntlet | Entered a Gauntlet
 26639 | Gauntlet | Found a transporter.
 26650 | Gauntlet | Found a transporter.
 26668 | Gauntlet | Found a transporter.
 26674 | Gauntlet | Found a transporter.
 26689 | Gauntlet | Found a transporter.
 26711 | Gauntlet | Found a transporter.
 26720 | Gauntlet | Found a transporter.
 26726 | Gauntlet | Found a transporter.
 26741 | Gauntlet | Found a transporter.
 26753 | Gauntlet | Found a transporter.
 26765 | Gauntlet | Found a transporter.
 26770 | Gauntlet | Noticed a cacodemon
 26782 | Gauntlet | Found a transporter.
 26800 | Gauntlet | Found a transporter.
 26802 | Gauntlet | Found a transporter.
 26829 | Gauntlet | Found a transporter.
 26849 | Gauntlet | Found a transporter.
 26941 | Gauntlet | Found a transporter.
 27082 | Gauntlet | Found a transporter.
 27402 | Gauntlet | Identified the ring of Caylyg {rF+ rN+ AC+4 Str-5 Slay+2}
 27663 | Gauntlet | Learned a level 6 spell: Statue Form
 28614 | Lair:5   | Received a gift from Sif Muna
 29242 | Lair:6   | Reached skill level 10 in Necromancy
 30795 | Lair:5   | Lost strength.
 31209 | Lair:6   | Found a large runed translucent door.
 31209 | Lair:6   | Found a large runed translucent door.
 31215 | Lair:6   | Received a gift from Sif Muna
 31216 | Lair:6   | Reached skill level 1 in Shields
 31223 | Lair:6   | Got Sif Muna's Tome of Earthen Shape Shifting {god gift}
 31771 | D:11     | Learned a level 5 spell: Metabolic Englaciation
 31920 | D:12     | Reached XP level 15. HP: 72/72 MP: 17/35
 32470 | D:12     | Identified the +8 hand axe of Terra Cotta {vorpal, rN+
                  | rCorr Int-5 Dex+2}
 32531 | D:12     | Noticed Kirke
 32540 | D:12     | Killed Kirke
 33581 | D:13     | Found a gate to the Vaults.
 34087 | D:13     | Noticed Erolcha
 34092 | D:13     | Killed Erolcha
 35538 | D:14     | Reached skill level 10 in Invocations
 35691 | D:14     | Received a gift from Sif Muna
 35692 | D:14     | Got Sif Muna's Incunabulum of Moulding and Evil {god gift}
 35699 | D:14     | Reached skill level 10 in Evocations
 35751 | D:14     | Reached skill level 10 in Earth Magic
 36845 | D:15     | Entered Level 15 of the Dungeon
 36845 | D:15     | Noticed Nessos
 36858 | D:15     | Killed Nessos
 37547 | D:15     | Reached skill level 10 in Transmutations
 37665 | D:15     | Noticed Louise
 38265 | D:15     | Reached XP level 16. HP: 76/76 MP: 8/36
 38457 | D:15     | Found a staircase to the Depths.
 38976 | Depths:1 | Entered Level 1 of the Depths
 39265 | Snake:1  | Entered Level 1 of the Snake Pit
 39432 | D:11     | Learned a level 7 spell: Dragon Form
 39553 | Lair:3   | Killed mcbry74's ghost
 39559 | Lair:3   | Learned a level 3 spell: Ozocubu's Armour
 39867 | Snake:1  | Received a gift from Sif Muna
 40419 | Snake:1  | Reached skill level 15 in Spellcasting
 40621 | Snake:1  | Reached skill level 5 in Shields
 42768 | Snake:2  | Found Kaymiod's Antique Armour Emporium.
 42768 | Snake:2  | Found Juapakor's General Store.
 42782 | Snake:2  | Bought a potion of curing for 45 gold pieces
 42782 | Snake:2  | Bought a potion of ambrosia for 120 gold pieces
 42782 | Snake:2  | Bought a staff of conjuration for 375 gold pieces
 42782 | Snake:2  | Bought a potion of curing for 45 gold pieces
 43867 | Snake:3  | Found a frozen archway.
 43876 | IceCv    | Entered an ice cave
 43942 | IceCv    | Learned a level 4 spell: Ice Form
 44144 | IceCv    | Received a gift from Sif Muna
 44145 | IceCv    | Got Heirhyo's Incunabulum of Malediction and Feathers {god
                  | gift}
 45579 | IceCv    | Learned a level 3 spell: Tukima's Dance
 45981 | Snake:3  | Reached XP level 17. HP: 80/80 MP: 21/38
 46527 | Snake:4  | Entered Level 4 of the Snake Pit
 46927 | Snake:4  | Received a gift from Sif Muna
 46931 | Snake:4  | Got Sif Muna's Almanac of the Mountains {god gift}
 46940 | Snake:4  | Learned a level 6 spell: Iron Shot
 47038 | Snake:4  | Noticed Aizul
 47045 | Snake:4  | Killed Aizul
 48958 | Snake:4  | Got a serpentine rune of Zot
 50109 | Swamp:1  | Entered Level 1 of the Swamp
 50387 | Swamp:1  | Noticed Mlioglotl
 50650 | Swamp:1  | Paralysed by a fenstrider witch for 2 turns
 50660 | Swamp:1  | Noticed Jorgrun
 50664 | Swamp:1  | Killed Jorgrun
 51305 | Swamp:1  | Killed Mlioglotl
 51553 | Swamp:2  | Reached XP level 18. HP: 85/85 MP: 5/40
 51735 | Swamp:2  | Identified the +5 hand axe "Qiug" {protect, Int+2}
 52624 | Swamp:3  | Paralysed by a fenstrider witch for 5 turns
 53742 | Swamp:3  | Identified the ring of Xaoptele {rPois rC- rN+ EV+4}
 54533 | Swamp:4  | Entered Level 4 of the Swamp
 55223 | Swamp:4  | Acquired 934 gold pieces
 55291 | Swamp:4  | Identified the +2 robe of the Imp {rF+}
 55305 | Swamp:4  | Noticed Bai Suzhen
 55369 | Swamp:4  | Killed Bai Suzhen
 56228 | Swamp:4  | Got a decaying rune of Zot
 56521 | D:11     | Lost strength.
 57000 | Orc:2    | Bought a ring of resist corrosion for 280 gold pieces
 57313 | Slime:1  | Entered Level 1 of the Pits of Slime
 58771 | Slime:3  | Reached skill level 10 in Shields
 58905 | Slime:3  | Gained mutation: You occasionally shout uncontrollably at
                  | your foes. [a shining eye]
 58909 | Slime:3  | Received a gift from Sif Muna
 58910 | Slime:3  | Got Sif Muna's Guide on the Ghastly Glacier {god gift}
 58994 | Slime:3  | You fall into a shaft and drop 1 floor!
 59022 | Slime:4  | Gained mutation: You sometimes lose the ability to read
                  | scrolls when taking damage. [mutagenic glow]
 59029 | Slime:4  | Gained mutation: Your body sometimes deteriorates upon
                  | taking damage. [mutagenic glow]
 59048 | Slime:4  | Gained mutation: You are strong-willed. (Will+) [mutagenic
                  | glow]
 59072 | Slime:4  | Lost mutation: Your body sometimes deteriorates upon taking
                  | damage. [potion of mutation]
 59072 | Slime:4  | Lost mutation: You sometimes lose the ability to read
                  | scrolls when taking damage. [potion of mutation]
 59072 | Slime:4  | Lost mutation: You are strong-willed. (Will+) [potion of
                  | mutation]
 59072 | Slime:4  | Gained mutation: You are dopey. (Int -2) [potion of
                  | mutation]
 59073 | Slime:4  | Lost mutation: You occasionally shout uncontrollably at
                  | your foes. [potion of mutation]
 59073 | Slime:4  | Lost mutation: You are dopey. (Int -2) [potion of mutation]
 59073 | Slime:4  | Gained mutation: You are partially covered in iridescent
                  | scales. (AC +2) [potion of mutation]
 59073 | Slime:4  | Gained mutation: You have hidden genetic potential. [potion
                  | of mutation]
 59099 | Slime:3  | Gained mutation: You sometimes lose the ability to read
                  | scrolls when taking damage. [a shining eye]
 59140 | Slime:3  | Lost mutation: You have hidden genetic potential. [potion
                  | of mutation]
 59140 | Slime:3  | Lost mutation: You are partially covered in iridescent
                  | scales. (AC +2) [potion of mutation]
 59140 | Slime:3  | Lost mutation: You sometimes lose the ability to read
                  | scrolls when taking damage. [potion of mutation]
 59140 | Slime:3  | Gained mutation: You are frail. (-10% HP) [potion of
                  | mutation]
 59140 | Slime:3  | Gained mutation: Your muscles are strong. (Str +2) [potion
                  | of mutation]
 59140 | Slime:3  | Gained mutation: You have a pair of small antennae on your
                  | head. [potion of mutation]
 59140 | Slime:3  | Gained mutation: Your flesh is heat resistant. (rF+)
                  | [potion of mutation]
 59141 | Slime:3  | Lost mutation: You have a pair of small antennae on your
                  | head. [potion of mutation]
 59141 | Slime:3  | Lost mutation: You are frail. (-10% HP) [potion of
                  | mutation]
 59141 | Slime:3  | Gained mutation: You are resistant to electric shocks.
                  | (rElec) [potion of mutation]
 59141 | Slime:3  | Gained mutation: You are partially covered in iridescent
                  | scales. (AC +2) [potion of mutation]
 59141 | Slime:3  | Gained mutation: You have hidden genetic potential. [potion
                  | of mutation]
 59280 | Slime:2  | Reached skill level 1 in Summonings
 60108 | Slime:5  | Entered Level 5 of the Pits of Slime
 60385 | Slime:4  | Reached XP level 19. HP: 89/89 MP: 3/41
 60947 | Slime:5  | Found a viscous altar of Jiyva.
 61952 | Depths:1 | Found a gateway to Hell.
 62085 | Depths:1 | Found a one-way gate to the infinite horrors of the Abyss.
 62271 | Depths:1 | Found a one-way gate leading to the halls of Pandemonium.
 63250 | Depths:1 | Found a one-way gateway to a ziggurat.
 63271 | Depths:2 | Reached skill level 15 in Necromancy
 63603 | Depths:2 | Found an ornate altar of the Wu Jian Council.
 64928 | Depths:3 | Noticed a caustic shrike
 64928 | Depths:3 | Noticed a caustic shrike
 64928 | Depths:3 | Found a hide-covered altar of Uskayaw.
 64936 | Depths:2 | Killed a caustic shrike
 64938 | Depths:2 | Killed a caustic shrike
 64942 | Depths:2 | Gained mutation: You expend magic power (3 MP) to
                  | strengthen your wands. [hidden potential]
 65683 | Depths:3 | You fall into a shaft and drop 1 floor!
 65683 | Depths:4 | Entered Level 4 of the Depths
 66377 | Depths:3 | Reached skill level 15 in Earth Magic
 66526 | Depths:2 | Reached XP level 20. HP: 94/94 MP: 20/43
 66786 | Depths:3 | Received a gift from Sif Muna
 66787 | Depths:3 | Got Sif Muna's Handbook of Dislocation and Sinister Rituals
                  | {god gift}
 66796 | Depths:2 | Learned a level 5 spell: Agony
 66800 | Depths:2 | Learned a level 2 spell: Blink
 66914 | Depths:3 | Noticed a bone dragon
 66935 | Depths:3 | Noticed a caustic shrike
 66937 | Depths:3 | Killed a bone dragon
 66938 | Depths:3 | Noticed a bone dragon
 66942 | Depths:3 | Killed a caustic shrike
 67062 | Depths:3 | Killed a bone dragon
 67852 | Depths:4 | Reached skill level 15 in Transmutations
 69673 | Depths:4 | Reached skill level 5 in Summonings
 70423 | Depths:4 | Found a gate to the Realm of Zot.
 70959 | Elf:1    | Entered Level 1 of the Elven Halls
 70974 | Elf:1    | Paralysed by an orc sorcerer for 3 turns
 71637 | Elf:1    | Found Dimig's Weapon Emporium.
 72575 | Elf:2    | Gained mutation: You possess an exceptional clarity of
                  | mind. [hidden potential]
 72575 | Elf:2    | Lost mutation: You have hidden genetic potential. [hidden
                  | potential expressed]
 72639 | Elf:2    | Learned a level 4 spell: Passage of Golubria
 72701 | Elf:2    | Found a runed translucent gate.
 72701 | Elf:2    | Found a runed translucent gate.
 72701 | Elf:2    | Found a runed translucent gate.
 72745 | Elf:2    | Found Pemni's Weapon Emporium.
 72753 | Elf:2    | Found Teemes's Jewellery Emporium.
 72778 | Elf:2    | Bought the ring "Laodaaco" {rN+ Will+ Str+6} for 1355 gold
                  | pieces
 73105 | Elf:2    | Identified the +6 dagger of Change {pain, rPois Stlth+}
 73162 | Elf:2    | Reached skill level 15 in Dodging
 73359 | Elf:2    | Found Nionteal's Weapon Shop.
 74336 | Elf:2    | Identified the amulet "Verokul" {Spirit rC+ Dex+3}
 74513 | Elf:2    | Reached XP level 21. HP: 98/98 MP: 27/44
 75055 | Elf:3    | Entered Level 3 of the Elven Halls
 75061 | Elf:3    | Received a gift from Sif Muna
 75065 | Elf:3    | Got Sif Muna's Papyrus of Lethal Calling {god gift}
 75398 | Elf:3    | Found a portal to a secret trove of treasure.
 76353 | Elf:3    | You paid a toll of a +7 demon trident to enter a treasure
                  | trove
 76354 | Trove    | Entered a treasure trove
 76413 | Trove    | Got Sif Muna's Tome of Shifting Weightlessness
 76440 | Trove    | Got Gat Berch's Grimoire of Ghastly Calling
 76662 | Orc:2    | Bought a +6 ring of intelligence for 819 gold pieces
 76824 | D:11     | Learned a level 8 spell: Infestation
 77776 | Elf:2    | Learned a level 5 spell: Freezing Cloud
 78414 | Elf:3    | Learned a level 7 spell: Haunt
 78568 | Elf:3    | Identified the +3 morningstar of the Iron City of Dis
                  | {antimagic, rC+}
 78604 | Elf:3    | Cast into level 2 of the Abyss (a deep elf sorcerer)
 78898 | Elf:3    | Escaped the Abyss
 79463 | Elf:3    | Got the Compendium of Dislocated Poison
 80026 | Elf:3    | Identified the +0 pair of boots of Prudence {Dex+7 Stlth+}
 80122 | Elf:3    | Identified the +5 short sword "Gulag" {drain, Contam Dex+3}
 80194 | Elf:3    | Identified the +10 dagger of Uptu {flame, rPois rF+ rC-
                  | Dex+2}
 80851 | D:11     | Learned a level 8 spell: Necromutation
 80976 | Vaults:1 | Entered Level 1 of the Vaults
 84344 | Vaults:2 | Reached XP level 22. HP: 103/103 MP: 12/46
 84508 | Vaults:2 | Reached skill level 10 in Ice Magic
 85382 | Vaults:2 | Received a gift from Sif Muna
 85383 | Vaults:2 | Got Sif Muna's Volume of Transmigration and the Escort {god
                  | gift}
 86194 | Vaults:2 | Found a staircase to the Crypt.
 86194 | Vaults:2 | Found a basalt altar of Yredelemnul.
 86195 | Vaults:2 | Found an ancient bone altar of Kikubaaqudgha.
 87945 | Vaults:3 | Noticed an ancient lich
 87961 | Vaults:3 | Killed an ancient lich
 89243 | Vaults:3 | Received a gift from Sif Muna
 89244 | Vaults:3 | Got Obopn's Reference Book on Gliding Beguiling {god gift}
 89249 | Vaults:3 | Learned a level 3 spell: Swiftness
 90737 | Vaults:4 | Found a runed translucent gate.
 90738 | Vaults:4 | Found a runed translucent gate.
 90739 | Vaults:4 | Found a runed translucent gate.
 90741 | Vaults:4 | Noticed azzeron2000's ghost (adept DsIE)
 90741 | Vaults:4 | Noticed Iplaz's ghost (adept GrGl)
 90933 | Vaults:4 | Found Seoxt's Weapon Emporium.
 91763 | Vaults:4 | Received a gift from Sif Muna
 91766 | Vaults:4 | Got Sif Muna's Volume of the Entourage {god gift}
 92431 | Vaults:4 | Killed Iplaz's ghost
 92462 | Vaults:4 | Killed azzeron2000's ghost
 92463 | Vaults:4 | Reached XP level 23. HP: 107/107 MP: 4/48
 92871 | Vaults:5 | Entered Level 5 of the Vaults
 94287 | Vaults:5 | Received a gift from Sif Muna
 95381 | Vaults:5 | Found Voohijy's Jewellery Shoppe.
 95381 | Vaults:5 | Found Vuovobuo's General Store.
 95395 | Vaults:5 | Noticed an ancient lich
 95410 | Vaults:5 | Killed an ancient lich
 95667 | Vaults:5 | Found Wapabyif's General Store.
 95690 | Vaults:5 | Bought a potion of curing for 69 gold pieces
 95690 | Vaults:5 | Bought a scroll of enchant armour for 172 gold pieces
 95690 | Vaults:5 | Bought a potion of curing for 69 gold pieces
 95690 | Vaults:5 | Bought a potion of curing for 69 gold pieces
 95690 | Vaults:5 | Bought a potion of invisibility for 184 gold pieces
 95690 | Vaults:5 | Bought 2 potions of mutation for 368 gold pieces
 95795 | Vaults:5 | Found Wucidom's Jewellery Boutique.
 95806 | Vaults:5 | Got a silver rune of Zot
 95885 | Vaults:5 | Found Yczucs's Armour Shop.
 96557 | Vaults:5 | Received a gift from Sif Muna
 96780 | Vaults:5 | Found Nishesot's Distillery.
 96784 | Vaults:5 | Bought a potion of heal wounds for 75 gold pieces
 96784 | Vaults:5 | Bought 2 potions of curing for 90 gold pieces
 96784 | Vaults:5 | Bought a potion of brilliance for 60 gold pieces
 96784 | Vaults:5 | Bought a potion of haste for 150 gold pieces
 96784 | Vaults:5 | Bought a potion of brilliance for 60 gold pieces
 96784 | Vaults:5 | Bought a potion of haste for 150 gold pieces
 97189 | Vaults:5 | Found Kitati's Magic Scroll Shoppe.
 97295 | Vaults:5 | Bought a scroll of teleportation for 69 gold pieces
 97295 | Vaults:5 | Bought 3 scrolls of fear for 241 gold pieces
 97295 | Vaults:5 | Bought a scroll of vulnerability for 172 gold pieces
 97295 | Vaults:5 | Bought 2 scrolls of teleportation for 138 gold pieces
 97295 | Vaults:5 | Bought 3 scrolls of fog for 138 gold pieces
 97496 | Vaults:5 | Bought the ring of Free Will {Fire rPois Will++ rCorr} for
                  | 1104 gold pieces
 98110 | Vaults:5 | Bought the +3 crown of Dyrovepreva {rElec Int+2 SInv} for
                  | 745 gold pieces
 98110 | Vaults:5 | Found the +3 crown of Dyrovepreva {rElec Int+2 SInv}
 98431 | Hell     | Entered the Vestibule of Hell
 98431 | Hell     | Noticed Geryon
 98572 | Depths:1 | Learned a level 3 spell: Ozocubu's Armour
 99232 | Depths:1 | Reached XP level 24. HP: 88/112 MP: 6/49
 99427 | Hell     | Killed Geryon
100028 | Hell     | Received a gift from Sif Muna
100029 | Hell     | Got Sif Muna's Incunabulum of Flight and Transmigration
                  | {god gift}
101052 | Hell     | Found a gateway to the freezing wastes of Cocytus.
101395 | Hell     | Found a gateway to the decaying netherworld of Tartarus.
101591 | Hell     | Found a gateway to the ashen valley of Gehenna.
101865 | Hell     | Found a gateway to the Iron City of Dis.
101923 | Coc:1    | Entered Level 1 of Cocytus
102101 | D:11     | Learned a level 7 spell: Orb of Destruction
103994 | Coc:2    | Noticed a shard shrike
103994 | Coc:2    | Noticed a shard shrike
103995 | Coc:2    | Noticed a shard shrike
103996 | Coc:2    | Noticed a shard shrike
104003 | Coc:2    | Killed a shard shrike
104011 | Coc:2    | Killed a shard shrike
104506 | Crypt:1  | Entered Level 1 of the Crypt
106196 | Crypt:1  | Received a gift from Sif Muna
106197 | Crypt:1  | Got Sif Muna's Grimoire of Summoning {god gift}
106788 | Crypt:2  | Found a magical portal.
106793 | WizLab   | Entered Doroklohe's Tomb
107016 | WizLab   | Noticed a dread lich
107156 | WizLab   | Reached skill level 10 in Summonings
107278 | WizLab   | Killed a dread lich
109144 | Crypt:3  | Entered Level 3 of the Crypt
109151 | Crypt:3  | Noticed Margery
109163 | Crypt:3  | Killed Margery
109165 | Crypt:3  | Received a gift from Sif Muna
109489 | Crypt:3  | Noticed Saint Roka
109503 | Crypt:3  | Killed Saint Roka
109504 | Crypt:3  | Reached XP level 25. HP: 105/116 MP: 8/50
110919 | Crypt:3  | Got Yniod's Volume of Creative Confrontation {god gift}
110950 | Crypt:3  | Found a staircase to the Tomb.
111182 | Crypt:3  | Reached skill level 15 in Shields
111778 | Crypt:3  | Found an ancient bone altar of Kikubaaqudgha.
111883 | Crypt:3  | Found a basalt altar of Yredelemnul.
111896 | Crypt:3  | Identified the ring "Umokh" {Fly rN+ Will+++ Int+3}
111898 | Crypt:3  | Identified the ring "Wiyreleu" {rPois rN+ Str+5 Int+6
                  | Dex-4}
111972 | Crypt:3  | Acquired a ring of wizardry
112508 | Crypt:3  | Got the Guide on Stolen Souls
113389 | Zot:1    | Entered Level 1 of the Realm of Zot
114011 | D:11     | Learned a level 7 spell: Ozocubu's Refrigeration
114024 | D:11     | Learned a level 8 spell: Lehudib's Crystal Spear
118395 | Zot:2    | Reached XP level 26. HP: 120/120 MP: 13/51
119141 | Zot:2    | Reached skill level 15 in Ice Magic
119762 | Zot:2    | Received a gift from Sif Muna
119779 | Zot:2    | Identified the +9 scythe "Mame" {chaos, Str+2}
119779 | Zot:2    | Found the +4 dragonskin cloak
119779 | Zot:2    | Noticed Tiamat
119787 | Zot:2    | Killed Tiamat
120239 | Zot:2    | Identified the ring of Angeawn {rF- rC+ rN++ Will+++ SInv}
124321 | Zot:4    | Noticed an orb of fire
124653 | Zot:4    | Killed an orb of fire
124886 | Zot:5    | Entered Level 5 of the Realm of Zot
125458 | Zot:5    | Noticed a dread lich
125462 | Zot:5    | Killed a dread lich
125673 | Zot:5    | Noticed a dread lich
125702 | Zot:5    | Reached XP level 27. HP: 124/124 MP: 7/52
125706 | Zot:5    | Noticed an orb of fire
125708 | Zot:5    | Noticed a dread lich
125711 | Zot:5    | Noticed a dread lich
125711 | Zot:5    | Received a gift from Sif Muna
125711 | Zot:5    | Killed a dread lich
125712 | Zot:5    | Noticed a dread lich
125714 | Zot:5    | Killed a dread lich
126176 | Zot:5    | Noticed a dread lich
126179 | Zot:5    | Killed a dread lich
126524 | Zot:5    | Killed a dread lich
126594 | Zot:5    | Noticed an ancient lich
126601 | Zot:5    | Killed an ancient lich
126764 | Zot:5    | Got Sif Muna's Guide on Unholy Cold {god gift}
127392 | Zot:5    | Noticed a dread lich
127396 | Zot:5    | Noticed a dread lich
127397 | Zot:5    | Killed a dread lich
127405 | Zot:5    | Killed a dread lich
127503 | Zot:5    | Killed a dread lich
127846 | Zot:5    | Noticed an orb of fire
127856 | Zot:5    | Killed an orb of fire
127984 | Zot:5    | Noticed a dread lich
127989 | Zot:5    | Killed a dread lich
128081 | Zot:5    | Noticed a dread lich
128089 | Zot:5    | Killed a dread lich
128157 | Zot:5    | HP: 1/124 [orb of fire/bolt of fire (13)]
128159 | Zot:5    | Killed an orb of fire
129446 | Crypt:3  | Learned a level 9 spell: Polar Vortex
129452 | Crypt:3  | Learned a level 5 spell: Freezing Cloud
130256 | Slime:5  | Noticed the Royal Jelly
130270 | Slime:5  | Killed the Royal Jelly
131162 | Slime:5  | Identified the ring "Ujoag" {rN+ Str+4}
131167 | Slime:5  | Got a slimy rune of Zot
131185 | Slime:5  | Identified the +4 rapier of the Final Decision {vorpal,
                  | Drain rElec Will+}
131209 | Slime:5  | Identified the +6 plate armour of Card Tricks {rC+ Dex+5
                  | SInv}
131278 | Slime:5  | Identified the ring of the Aged Glowing Yaks {rF+ rN++}
132087 | Coc:2    | Paralysed by a wendigo for 1 turns
135119 | Coc:4    | Lost strength.
135926 | Tomb:1   | Entered Level 1 of the Tomb of the Ancients
136931 | Tomb:1   | Noticed a royal mummy
136936 | Tomb:1   | Killed a royal mummy
137537 | Tomb:1   | Noticed a royal mummy
137548 | Tomb:1   | Killed a royal mummy
138397 | Zig:1    | Entered Level 1 of a ziggurat
138465 | Zig:2    | Entered Level 2 of a ziggurat
138571 | Zig:3    | Entered Level 3 of a ziggurat
138734 | Zig:4    | Entered Level 4 of a ziggurat
138833 | Zig:5    | Entered Level 5 of a ziggurat
138964 | Zig:5    | Identified the amulet of Optimism {RegenMP rF+}
139004 | Zig:6    | Entered Level 6 of a ziggurat
139010 | Zig:6    | Noticed Ynkicvia the pandemonium lord
139017 | Zig:6    | Killed Ynkicvia the pandemonium lord
139148 | Zig:6    | Identified the +8 flail of Yeast {vorpal, *Corrode rElec
                  | rF++ Str+4}
139245 | Zig:7    | Entered Level 7 of a ziggurat
139415 | Zig:7    | Identified the ring of Attitude {rC+ rN+}
139561 | Zig:8    | Entered Level 8 of a ziggurat
139568 | Zig:8    | Noticed Bezxiop the pandemonium lord
139568 | Zig:8    | Found the macabre finger necklace {rN+}
139578 | Zig:8    | Killed Bezxiop the pandemonium lord
139885 | Zig:8    | Identified the +5 helmet of the King of the Hill {Str+6}
139910 | Zig:8    | Identified the +5 rapier of Hatred {pain, rPois Will+
                  | Int+2}
139983 | Zig:9    | Entered Level 9 of a ziggurat
140219 | Zig:9    | Identified the +0 chain mail of Meager Birdsong {+Blink
                  | rC+++ Int-3 Slay+2}
140304 | Zig:10   | Entered Level 10 of a ziggurat
140312 | Zig:10   | Noticed an ancient lich
140312 | Zig:10   | Noticed an ancient lich
140318 | Zig:10   | Noticed a dread lich
140319 | Zig:10   | Killed an ancient lich
140319 | Zig:10   | Killed an ancient lich
140320 | Zig:10   | Found the +3 sling "Punk" {acid, rCorr}
140320 | Zig:10   | Killed a dread lich
140525 | Zig:10   | Got the Reference Book on Creation and Clay
140535 | Zig:10   | Identified the +5 war axe of the Dove {flame, Fly Int+5}
140546 | Zig:10   | Got the Grimoire of the Birds and Shape Shifting
140601 | Zig:11   | Entered Level 11 of a ziggurat
140612 | Zig:11   | Noticed a royal mummy
140614 | Zig:11   | Noticed a royal mummy
140614 | Zig:11   | Noticed a royal mummy
140622 | Zig:11   | Killed a royal mummy
140622 | Zig:11   | Killed a royal mummy
140623 | Zig:11   | Killed a royal mummy
140624 | Zig:11   | Received a gift from Sif Muna
140630 | Zig:11   | Got Qoly's Reference Book on Blows and Bruises {god gift}
140921 | Zig:11   | Identified the ring of Anymmel {rC- AC+4 Int+5}
140965 | Zig:12   | Entered Level 12 of a ziggurat
141026 | Zig:12   | Noticed Tekogiw the pandemonium lord
141028 | Zig:12   | Noticed Icei the pandemonium lord
141031 | Zig:12   | Noticed Zeluj the pandemonium lord
141032 | Zig:12   | Killed Tekogiw the pandemonium lord
141035 | Zig:12   | Killed Icei the pandemonium lord
141040 | Zig:12   | Killed Zeluj the pandemonium lord
141041 | Zig:12   | Paralysed by a floating eye for 3 turns
141323 | Zig:13   | Entered Level 13 of a ziggurat
141592 | Zig:13   | Identified the amulet of Tist {Faith rPois rN+++ Int+4
                  | Slay-6}
141602 | Zig:13   | Identified the +1 leather armour "Wymoivvuafo" {Int+2}
141648 | Zig:14   | Entered Level 14 of a ziggurat
141711 | Zig:14   | Noticed a juggernaut
141712 | Zig:14   | Noticed a juggernaut
141712 | Zig:14   | Noticed a juggernaut
141717 | Zig:14   | Killed a juggernaut
141717 | Zig:14   | Killed a juggernaut
141718 | Zig:14   | Killed a juggernaut
141914 | Zig:14   | Identified the amulet of Virtue {Spirit rN++ Dex-2}
141938 | Zig:14   | Identified the +1 dagger "Zexofy" {pain, rN++ Int-3 Dex+2
                  | Stlth+}
141940 | Zig:14   | Identified the +8 chain mail of Okawaru's Approval {Stlth+}
141941 | Zig:14   | Identified the +4 battleaxe "Cuotiama" {elec, rElec rN+
                  | Str+2}
141943 | Zig:14   | Identified the +10 rapier of Pain and Death {protect, rF-
                  | rN+ Will+ Dex+4}
141949 | Zig:15   | Entered Level 15 of a ziggurat
142015 | Zig:15   | Paralysed by an air elemental for 1 turns
142031 | Zig:15   | Received a gift from Sif Muna
142058 | Zig:15   | Got Sif Muna's Volume of Conjuration {god gift}
142209 | Zig:15   | Identified the +5 morningstar of Jichuov {vorpal, Dex+3}
142212 | Zig:15   | Identified the +7 scythe "Awoc" {vamp, +Blink rN+ Will+}
142227 | Zig:16   | Entered Level 16 of a ziggurat
142294 | Zig:16   | Paralysed by accursed screaming for 2 turns
142296 | Zig:16   | Killed from afar by a demonspawn blood saint

Illustrated notes

Levels and vault maps discovered:
D:1:      dpeg_arrival_prison, layout_loops_ring
D:2:      layout_basic, serial_forest, infiniplex_forest_straight_3,
          infiniplex_forest_lined_room_, infiniplex_forest_corner_2,
          infiniplex_forest_straight_4, infiniplex_forest_straight_4,
          infiniplex_forest_end_3, infiniplex_forest_fountain, roderic_lattice_a
D:3:      layout_basic, chequers_garden
D:4:      layout_basic, amcnicky_altar_gilded, serial_rivers,
          chequers_serial_rivers_small_b, chequers_serial_rivers_micro_d,
          chequers_serial_rivers_micro_e, chequers_serial_rivers_micro_b,
          chequers_serial_rivers_small_3, gup_sewer_entry_glass
D:5:      layout_loops_corners, nicolae_overflow_crystal_walls,
          nemelex_spade_bored_becter, serial_bayou, serial_bayou_pond_a,
          serial_bayou_pond_c, serial_bayou_pond_a, serial_bayou_pond_b,
          serial_bayou_pond_c, kennysheep_generic_room_16
D:6:      minmay_clustersquares, layout_gridville, xom_confusion_cloud,
          marbit_many_paths, temple_pool_b, ebering_ghost_inner_flame
D:7:      layout_loops_ring, lemuel_tele_altar
D:8:      minmay_weird_star, layout_basic, general_overflow_altar,
          nicolae_uskayaw_suspiria, serial_shops, nicolae_shop_crystal,
          hex_large, bh_walls_and_bars, uniq_psyche, uniq_erica
D:9:      layout_basic, mainiacjoe_overflow_alcove_1, gammafunk_ghost_cemetery,
          serial_park_tiny_2, uniq_joseph
D:10:     layout_cave_pools, mainiacjoe_overflow_cross_hatched,
          fiery_altar_vehumet, minmay_lair_entry_grove,
          gammafunk_ghost_berserking_beasts
D:11:     layout_loops_ring, david_orc_2, minmay_misc_feat_diagonals,
          okawaru_ov_weapons_minmay
D:12:     layout_roguey, uniq_kirke
D:13:     layout_loops_corners, grunt_vaults_entry_tiered, grunt_ministairs_9,
          uniq_erolcha
D:14:     layout_irregular_city
D:15:     gammafunk_enter_depths_forms, layout_small_grid, minivault_24,
          uniq_louise, uniq_nessos
Temple:   minmay_temple_curvy_loop
Lair:1:   dragon1_lemuel, layout_regular_city, beast_lair_carwin_9, uniq_sonja
Lair:2:   layout_gridlike, dummy_snake_entry, serial_bayou_shore_a,
          grunt_megastairs_3, serial_bayou_shore_b, serial_bayou_shore_b,
          lemuel_fruit_fields, serial_bayou_shore_b
Lair:3:   layout_gridlike, special_room [special_room_bee],
          ebering_ghost_funeral_grove, st_stairs_9
Lair:4:   layout_cave_pods, minmay_swamp_entry_reptiles, serial_bayou_shore_b
Lair:5:   layout_cave_pods, slime_altar_1, lemuel_fruit_fields
Lair:6:   cheibrodos_lair_end_hotspot, layout_long_grid, gauntlet_entry_generic
Swamp:1:  layout_basic_swamp, evilmike_swamp_ruin_rubble_1, swamp_pool2,
          uniq_mlioglotl, uniq_jorgrun
Swamp:2:  layout_basic_swamp, evilmike_swamp_ruin_house_2, swamp_pool4,
          infiniplex_staircase_pool
Swamp:3:  layout_falls_marsh, nicolae_swamp_some_circles
Swamp:4:  swamp_icy, layout_basic_swamp, uniq_bai_suzhen
Snake:1:  layout_layer_cave, grunt_megastairs_2, lemuel_fruit_tree
Snake:2:  layout_rooms, st_stairs_10, nicolae_coiled_stairwell_down,
          minmay_shoptagon
Snake:3:  layout_misc_corridors, portal_ice_cave_entry_pillars_2, special_room,
          st_stairs_9
Snake:4:  minmay_snake_end_coiled, layout_misc_corridors, uniq_aizul
Slime:1:  layout_caves
Slime:2:  layout_caves, cheibrodos_slime_lost_civilization_4
Slime:3:  layout_caves, nicolae_slime_ancient_tower_intersection,
          nicolae_slime_barrier
Slime:4:  layout_caves
Slime:5
Orc:1:    layout_diamond_mine
Orc:2:    kennysheep_orc_mage_school, layout_diamond_mine, basic_altar,
          nicolae_orc_lava_room
Elf:1:    nicolae_elf_arrival_no_cutting_in_line, layout_loops_corners,
          serial_shops, nicolae_shop_bloodbath_and_beyond,
          hangedman_elf_represent
Elf:2:    nicolae_elf_blades_splatter_lattice [grunt_blade_entry_basic],
          layout_onion_city, serial_shops, shop, hangedman_elven_ridges,
          due_unseen_surprise, minmay_shop_star
Elf:3:    minmay_elf_hall_spiked, layout_geoelf_castle,
          nicolae_trove_entry_free_sample, serial_sigils_hangedman_writhe,
          due_unseen_surprise
Vaults:1: hangedman_vaults_slither, ontoclasm_vaults_hangar, v_alt_pattern_5,
          hangedman_vaults_locks, serial_ice_h, dpeg_vaults_monster_box,
          nicolae_vaults_little_squares_3, vaults_dpeg_ring,
          layout_vaults_chaotic_city
Vaults:2: vaults_room_door_ring, ontoclasm_vaults_fault, vaults_room_door_ring,
          hangedman_vaults_impose, minmay_crypt_entry_necro_gods,
          hangedman_vaults_stream, nicolae_vaults_circle_grid_b, v_misc_29,
          ontoclasm_vaults_chip, vaults_room_corners, hangedman_vaults_trim,
          vaults_room_door_ring, vaults_dpeg_hooks, vaults_room_hallway,
          layout_vaults_omnicross
Vaults:3: v_alt_pattern_3, nicolae_vaults_little_squares_3,
          grunt_vaults_diagonal, vaults_standard_mumra_lines, v_misc_32,
          grunt_vaults_hallway_long, nicolae_vaults_three_branches,
          hangedman_vaults_corner, vaults_room_corners, v_misc_22,
          nicolae_vaults_network_barrier, layout_vaults_maze_snakey
Vaults:4: gammafunk_ghost_cemetery, hangedman_vaults_restitches,
          hangedman_vaults_stitches, v_misc_17,
          nicolae_vaults_windows_and_doors_thing, v_pattern_3,
          vaults_standard_mumra_enter_the_diamond, hangedman_vaults_trim,
          vaults_room_grid, vaults_room_stairs_pillars,
          nicolae_vaults_an_arrangement, grunt_vaults_hallway_long,
          layout_vaults_ring, serial_shops, shop
Vaults:5: serial_shops
Crypt:1:  layout_chaotic_city, serial_co_window_serial, co_window_cross_1,
          co_window_corner_a, co_window_paths_a, co_window_paths_b,
          co_window_paths_a, co_window_corner_b, co_window_corner_ca,
          co_window_corner_cb, co_window_unsneaky_path_b, co_window_paths_c,
          glass_columns_a, glass_columns_b, glass_columns_a
Crypt:2:  layout_misc_corridors, mu_enter_wizlab_2
Crypt:3:  lightli_unholy_cathedral, layout_chaotic_city,
          nicolae_tomb_entry_rubble_hallway, minivault_25,
          chequers_hall_statues_y, serial_sigils_hangedman_gnaw,
          uniq_saint_roka, uniq_margery
Tomb:1
Depths:1: layout_roguey, enter_ziggurat_a, minmay_fountain_box, pan_entry,
          abyss_entry, hangedman_geh_valley, minmay_misc_feat_five,
          kennysheep_generic_room_11, serial_bayou_shore_b
Depths:2: wad_pebble_path, layout_basic, nicolae_wu_jian_immortal_techniques,
          rand_demon_pan_entry_4, hellmouth_1, infiniplex_staircase_squiggle,
          serial_bayou_shore_b
Depths:3: regret_index_uskayaw_diablada_macabre, layout_cross,
          minmay_misc_feat_tower, lightli_too_deep, abyss_entry_glasseish,
          minivault_11, nrook_campfire
Depths:4: grunt_zot_entry_hairpin, layout_basic, chequers_serial_rivers_micro_c,
          grunt_hell_entry_dis_grunt, drop_trap, kennysheep_random_hallway
Hell
Coc:1:    layout_cocytus_water_paths
Coc:2:    layout_ice_bergs
Coc:3:    nicolae_coc_city_of_iceburg
Coc:4:    layout_cocytus_delve
Zot:1:    layout_cellular_growth, evilmike_ambush [evilmike_ambush_outer_basic,
          evilmike_ambush_inner_basic]
Zot:2:    gammafunk_mikee_crab_dinner, layout_gridlike, st_grand_hoard_of_tiamat
Zot:3:    layout_gridville
Zot:4:    layout_concentric_octagons, st_stairs_5
Zot:5:    layout_gridlike
Zig:16

Skill      XL: |  1  2  3  4  5  6  7  8  9 10 11 12 13 14 15 16 17 18 19 20 21 22 23 24 25 26 27 |
---------------+----------------------------------------------------------------------------------+-----
Conjurations   | 1 2 3 4 5 6 8 9 10 12 13 14 | 14.8
Dodging        | 3 4 5 6 7 8 9 10 11 12 13 14 15 16 17 18 | 18.4
Stealth        | 3 4 5 6 7 8 9 10 | 10.0
Spellcasting   | 4 5 6 8 10 11 12 13 14 15 16 17 18 19 20 21 22 23 | 23.7
Ice Magic      | 5 6 7 8 9 11 12 13 14 16 23 | 23.7
Evocations     | 1 2 3 5 6 7 8 9 10 11 12 13 | 13.0
Necromancy     | 2 5 7 9 10 11 12 13 14 15 16 17 18 19 20 21 | 21.8
Earth Magic    | 2 4 6 7 9 10 11 12 14 15 16 17 18 19 20 21 | 21.2
Invocations    | 2 5 6 7 9 10 12 13 | 13.4
Transmutations | 3 5 8 10 11 12 13 14 15 16 17 18 19 20 | 20.4
Translocations | 1 2 6 |  6.1
Shields        | 1 4 6 8 10 11 12 13 14 15 16 21 | 21.7
Summonings     | 1 3 5 7 8 9 10 11 12 | 12.1
Fighting       | 2 |  2.1

Action                   |  1- 3 |  4- 6 |  7- 9 | 10-12 | 13-15 | 16-18 | 19-21 | 22-24 | 25-27 || total
-------------------------+-------+-------+-------+-------+-------+-------+-------+-------+-------++-------
Melee: Dagger            |     1 |    21 |   106 |       |       |       |       |       |       ||   128
       Punch             |       |       |     2 |     1 |     3 |     1 |       |       |       ||     7
       Quarterstaff      |       |       |    25 |    38 |   102 |    41 |       |       |       ||   206
       Morningstar       |       |       |       |    86 |    89 |       |       |       |       ||   175
       Staff             |       |       |       |       |       |    42 |   108 |   123 |   137 ||   410
       Unarmed           |       |       |       |       |       |     5 |       |       |       ||     5
 Cast: Freeze            |    42 |    48 |    62 |    55 |    16 |       |       |       |       ||   223
       Frozen Ramparts   |       |    10 |    40 |    59 |   106 |    47 |    14 |       |       ||   276
       Ozocubu's Armour  |       |     9 |    22 |    35 |    38 |     1 |       |     7 |    13 ||   125
       Hailstorm         |       |       |     6 |    42 |    76 |    43 |    24 |       |       ||   191
       Borgnjor's Vile C |       |       |       |    30 |   134 |   217 |   176 |   139 |   210 ||   906
       Iskenderun's Myst |       |       |       |     4 |     2 |       |       |       |       ||     6
       Dazzling Flash    |       |       |       |     3 |     2 |       |       |       |       ||     5
       Irradiate         |       |       |       |       |    97 |   131 |   106 |    72 |    81 ||   487
       Statue Form       |       |       |       |       |    45 |   116 |    93 |    37 |    27 ||   318
       Death Channel     |       |       |       |       |     4 |     2 |     9 |       |       ||    15
       Metabolic Englaci |       |       |       |       |     3 |     2 |     1 |       |       ||     6
       Ice Form          |       |       |       |       |       |     9 |       |       |       ||     9
       Dragon Form       |       |       |       |       |       |     1 |       |       |       ||     1
       Iron Shot         |       |       |       |       |       |   120 |   247 |   374 |    41 ||   782
       Infestation       |       |       |       |       |       |     2 |     6 |    13 |    13 ||    34
       Tukima's Dance    |       |       |       |       |       |     1 |       |       |       ||     1
       Monstrous Menager |       |       |       |       |       |       |     1 |       |       ||     1
       Agony             |       |       |       |       |       |       |     2 |       |       ||     2
       Freezing Cloud    |       |       |       |       |       |       |    28 |    68 |    24 ||   120
       Necromutation     |       |       |       |       |       |       |     6 |    44 |   114 ||   164
       Haunt             |       |       |       |       |       |       |     1 |    17 |     6 ||    24
       Blink             |       |       |       |       |       |       |       |     1 |     4 ||     5
       Passage of Golubr |       |       |       |       |       |       |       |     2 |     2 ||     4
       Orb of Destructio |       |       |       |       |       |       |       |    30 |    11 ||    41
       Swiftness         |       |       |       |       |       |       |       |     1 |     2 ||     3
       Death's Door      |       |       |       |       |       |       |       |     1 |     1 ||     2
       Lehudib's Crystal |       |       |       |       |       |       |       |       |   297 ||   297
       Ozocubu's Refrige |       |       |       |       |       |       |       |       |    66 ||    66
       Fire Storm        |       |       |       |       |       |       |       |       |     2 ||     2
       Polar Vortex      |       |       |       |       |       |       |       |       |    19 ||    19
       Shatter           |       |       |       |       |       |       |       |       |     2 ||     2
Invok: Channel Magic     |       |       |       |     3 |     1 |    11 |    14 |    10 |    25 ||    64
       Divine Exegesis   |       |       |       |       |       |     2 |     1 |     1 |     5 ||     9
       Forget Spell      |       |       |       |       |       |     1 |     3 |       |     1 ||     5
 Abil: Breathe Fire      |       |       |       |       |       |     1 |       |       |       ||     1
       Evoke Blink       |       |       |       |       |       |     1 |       |       |       ||     1
       End Transformatio |       |       |       |       |       |       |     1 |       |     3 ||     4
Evoke: Wand              |       |     8 |    24 |     6 |     1 |     1 |     7 |     5 |    17 ||    69
       Phial of floods   |       |       |       |       |     2 |     2 |       |       |     3 ||     7
       Condenser vane    |       |       |       |       |       |     1 |     1 |       |     1 ||     3
       Box of beasts     |       |       |       |       |       |       |       |     2 |     2 ||     4
       Tin of tremorston |       |       |       |       |       |       |       |       |     2 ||     2
       Lightning rod     |       |       |       |       |       |       |       |       |     7 ||     7
       Phantom mirror    |       |       |       |       |       |       |       |       |     1 ||     1
  Use: Scroll            |       |     1 |       |    12 |    18 |    19 |    20 |     7 |    13 ||    90
       Potion            |       |       |       |     3 |     4 |    11 |     7 |     4 |    11 ||    40
 Stab: Sleeping          |     1 |     1 |     5 |     3 |     2 |     1 |       |       |       ||    13
       Paralysed         |       |       |     4 |       |       |       |       |       |       ||     4
       Distracted        |       |       |       |       |       |       |     1 |       |     2 ||     3
       Confused          |       |       |       |       |       |       |       |       |     1 ||     1
Armor: Robe              |     5 |    23 |    70 |    81 |    69 |    17 |     8 |    37 |   114 ||   424
       Skin              |       |       |       |       |   110 |   239 |   186 |    83 |   102 ||   720
Dodge: Dodged            |    20 |    50 |   149 |   191 |   361 |   356 |   341 |   238 |   641 ||  2347
Block: Other             |       |       |       |       |    65 |    55 |       |       |       ||   120
       Reflection        |       |       |       |       |    13 |    30 |    67 |    71 |    26 ||   207
       Kite shield       |       |       |       |       |       |   177 |   472 |   379 |   646 ||  1674
